 Dungeon Crawl Stone Soup version 0.28-a0-247-gb8bfbab023 (webtiles) character file.

Game seed: 18174768639298448381

3008 speeev33 the Fighter (level 9, -2/86 HPs)
             Began as a Minotaur Berserker on Aug 25, 2021.
             Was an Elder of Trog.
             Slain by a wyvern (4 damage)
             ... on level 8 of the Dungeon.
             The game lasted 00:11:25 (5919 turns).

speeev33 the Fighter (Minotaur Berserker)           Turns: 5919, Time: 00:11:25

Health: -2/86      AC:  8    Str: 31    XL:     9   Next: 54%
Magic:  8/8        EV:  7    Int: 10    God:    Trog [****..]
Gold:   103        SH: 10    Dex: 10    Spells: 8/8 levels left

rFire   . . .      SeeInvis .   t - +1 broad axe (holy)
rCold   . . .      Faith    .   v - +1 kite shield
rNeg    . . .      Spirit   .   p - +0 chain mail
rPois   .          Reflect  .   (helmet restricted)
rElec   .          Harm     .   (no cloak)
rCorr   .          Rampage  .   (no gloves)
Will    .....                   (no boots)
Stlth   ..........              o - amulet of regeneration
HPRegen 1.24/turn               n - +6 ring of intelligence
MPRegen 0.11/turn               s - +6 ring of strength

@: on berserk cooldown, slowed, very slow
A: horns 2, retaliatory headbutt
a: Renounce Religion, Berserk, Trog's Hand, Brothers in Arms


You were on level 8 of the Dungeon.
You worshipped Trog.
Trog was greatly pleased with you.
You visited 1 branch of the dungeon, and saw 8 of its levels.

You collected 271 gold pieces.
You spent 168 gold pieces at shops.

Inventory:

Hand Weapons
 t - a +1 broad axe of holy wrath (weapon)
Missiles
 a - 149 stones (quivered)
Armour
 p - a +0 chain mail (worn)
 v - a +1 kite shield (worn)
Jewellery
 n - a +6 ring of intelligence (left hand)
 o - an amulet of regeneration (around neck)
 s - a +6 ring of strength (right hand)
Wands
 m - a wand of flame (27)
 w - a wand of charming (8)
Scrolls
 e - a scroll of amnesia
 h - 3 scrolls of teleportation
 j - a scroll of holy word
 l - a scroll of fear
 u - a scroll of immolation
 x - a scroll of enchant armour
 y - a scroll of brand weapon {unknown}
Potions
 b - a potion of attraction {unknown}
 c - a potion of invisibility {unknown}
 d - 2 potions of mutation {unknown}
 f - 3 potions of curing
 g - 2 potions of brilliance
 k - 2 potions of haste {unknown}
 q - 3 potions of lignification
 r - 2 potions of heal wounds {unknown}


   Skills:
 + Level 10.9 Fighting
 + Level 7.1(9.0) Axes
 - Level 8.3(9.5) Polearms
 - Level 2.4 Armour
 - Level 2.1 Dodging
 + Level 6.1 Shields


You had 8 spell levels left.
You didn't know any spells.
Your spell library was empty.

Dungeon Overview and Level Annotations

Branches:
Dungeon (8/15)
 Temple: D:4-7         Lair: D:8-11

Altars:
Hepliaklqana
Xom
Yredelemnul

Shops:
D:5 (   D:7 =   D:8 !


Innate Abilities, Weirdness & Mutations

You have a pair of horns on your head.
You reflexively headbutt those who attack you in melee.


Message History

You slash the wyvern!
The wyvern is moderately wounded.
You block the wyvern's attack. x2; The wyvern bites you.
You closely miss the wyvern.
The wyvern is moderately wounded.
The wyvern bites you but does no damage.
The wyvern closely misses you.
You barely miss the wyvern.
The wyvern is moderately wounded.
You block the wyvern's attack. The wyvern bites you! x2
The wyvern bites you but does no damage.
You slice the wyvern!!
You headbutt the wyvern, but do no damage.
The wyvern is almost dead.
The wyvern bites you! The wyvern closely misses you. You furiously retaliate!
You headbutt the wyvern, but do no damage.
You closely miss the wyvern.
The wyvern is almost dead.
You block the wyvern's attack. The wyvern bites you!
* * * LOW HITPOINT WARNING * * *
You block the wyvern's attack.
You hit the wyvern but do no damage.
The wyvern is almost dead.
You block the wyvern's attack. The wyvern bites you.
* * * LOW HITPOINT WARNING * * *
The wyvern completely misses you.
Okay, then.
You barely miss the wyvern.
The wyvern is almost dead.
The wyvern bites you!
* * * LOW HITPOINT WARNING * * *
The wyvern bites you.
* * * LOW HITPOINT WARNING * * *
The wyvern bites you.
* * * LOW HITPOINT WARNING * * *
Okay, then.
You feel better. You block the wyvern's attack. The wyvern bites you!
* * * LOW HITPOINT WARNING * * *
The wyvern bites you.
You die...

≈# ≈# ♣♣♣ ≈≈## ###
♣≈.≈ ≈≈## #.# ≈...≈
.≈≈## ..#
.....≈♣♣.≈≈# ..# ..
..∩...l@..≈# #.# ≈.♣
.....≈♣♣.≈≈#
#.##≈≈.♣
≈...≈♣♣.≈≈##
#..##≈≈.♣♣≈.≈♣♣.≈≈##
##..##≈≈.♣♣♣♣♣.≈≈##
##..##≈≈.♣♣♣.≈≈##
##..##≈≈.♣.≈≈##
##..##≈≈.≈≈##
##..##≈.≈##


You could see a wyvern.

Vanquished Creatures
  A harpy (shapeshifter) (D:8)
  2 trolls
  A human (D:7)
  2 steam dragons
  Menkaure (D:4)
  A water moccasin (D:6)
  An ice beast (D:5)
  An ogre (D:6)
  A centaur (D:5)
  A phantom (D:5)
  A bullfrog (D:7)
  A gnoll sergeant (D:8)
  A scorpion (D:6)
  A water moccasin zombie (D:5)
  6 wights (D:7)
  A centaur zombie (D:5)
  2 jellies
  2 bullfrog skeletons
  3 hounds
  An orc priest (D:3)
  A centaur skeleton (D:7)
  A scorpion zombie (D:5)
  Terence (D:2)
  3 iguanas
  2 orc wizards
  5 adders
  A shadow imp (D:6)
  A white imp (D:4)
  A worm (D:2)
  4 dart slugs
  11 orcs
  5 endoplasms
  3 giant cockroaches
  5 goblins
  4 hobgoblins
  13 jackals
  7 kobolds
  4 quokkas
  12 ball pythons
  2 bats (D:2)
  3 frilled lizards
  A jackal skeleton (D:7)
  A kobold zombie (D:7)
  3 rats
125 creatures vanquished.

Vanquished Creatures (others)
  An orc wizard (D:5)
1 creature vanquished.

Grand Total: 126 creatures vanquished

Notes
Turn   | Place    | Note
-------+----------+-------------------------------------------
     0 | D:1      | speeev33 the Minotaur Berserker began the quest for the
                  | Orb.
     0 | D:1      | Reached XP level 1. HP: 19/19 MP: 0/0
    57 | D:1      | Reached skill level 4 in Fighting
    60 | D:1      | Reached XP level 2. HP: 12/27 MP: 1/1
   775 | D:1      | Reached ** piety under Trog
   869 | D:2      | Reached XP level 3. HP: 34/34 MP: 2/2
  1372 | D:2      | Noticed Terence
  1376 | D:2      | Reached skill level 5 in Polearms
  1376 | D:2      | Reached XP level 4. HP: 41/41 MP: 3/3
  1392 | D:2      | Killed Terence
  1393 | D:2      | Reached skill level 5 in Fighting
  1701 | D:3      | Reached XP level 5. HP: 41/48 MP: 4/4
  1870 | D:3      | Found a hazy altar of Hepliaklqana.
  1871 | D:3      | Found a shimmering altar of Xom.
  1872 | D:3      | Noticed a spectral ugly thing
  2514 | D:4      | Noticed Menkaure
  2519 | D:4      | Killed Menkaure
  2519 | D:4      | Reached *** piety under Trog
  2520 | D:4      | Reached skill level 6 in Fighting
  2520 | D:4      | Reached XP level 6. HP: 58/58 MP: 5/5
  2668 | D:4      | You fall into a shaft and drop 1 floor!
  2668 | D:5      | Entered Level 5 of the Dungeon
  2703 | D:5      | Found Egug's Antique Weapon Boutique.
  2729 | D:5      | Noticed an ice beast
  2741 | D:5      | Killed an ice beast
  2742 | D:5      | Reached skill level 7 in Fighting
  2837 | D:4      | Reached XP level 7. HP: 16/66 MP: 6/6
  3627 | D:5      | Reached skill level 8 in Fighting
  3751 | D:5      | Bought a glowing broad axe for 168 gold pieces
  3942 | D:6      | Reached skill level 1 in Axes
  4263 | D:6      | Reached XP level 8. HP: 46/77 MP: 7/7
  4322 | D:6      | Reached skill level 9 in Fighting
  4637 | D:6      | Noticed a troll
  4643 | D:6      | Killed a troll
  4644 | D:6      | Reached skill level 1 in Shields
  5098 | D:7      | Found a runed translucent door.
  5103 | D:7      | Found a basalt altar of Yredelemnul.
  5119 | D:7      | Reached skill level 5 in Axes
  5450 | D:7      | Reached skill level 10 in Fighting
  5460 | D:7      | Found Fohenky's Jewellery Shop.
  5633 | D:7      | Reached **** piety under Trog
  5634 | D:7      | Reached XP level 9. HP: 83/85 MP: 8/8
  5809 | D:8      | Noticed a harpy
  5813 | D:8      | Killed a harpy
  5814 | D:8      | Reached skill level 5 in Shields
  5895 | D:8      | Found Boistus's Distillery.
  5895 | D:8      | Noticed a troll
  5905 | D:8      | Killed a troll
  5918 | D:8      | HP: 1/86 [wyvern (5)]
  5919 | D:8      | Slain by a wyvern

Illustrated notes

Levels and vault maps discovered:
D:1:      tarquinn_simple_flora_water_c, layout_loops_cross, serial_glass,
          glass_columns_a, glass_columns_b, minmay_misc_feat_alley
D:2:      layout_basic, minmay_randomly_rotated_circles, uniq_terence
D:3:      layout_rooms, regret_index_temple_of_mockery
D:4:      layout_basic, minmay_temple_entry_crystal_x, uniq_pikel, uniq_menkaure
D:5:      layout_rooms, serial_shops, nicolae_shop_behind_doors
D:6:      layout_loops_corners
D:7:      layout_cave_pods, dk_yredelemnul_ordeal, serial_shops,
          nicolae_shop_window_shopping
D:8:      old_forge, layout_loops_ring, kennysheep_diamond,
          corexii_checkpoint_b, uniq_joseph

Skill      XL: |  1  2  3  4  5  6  7  8  9 |
---------------+----------------------------+-----
Fighting       | 4 5 6 7 8 10 | 10.9
Polearms       | 4 5 6 7 8 |  8.3
Axes           | 2 5 7 |  7.1
Shields        | 4 6 |  6.1
Armour         | |  2.4
Dodging        | |  2.1

Action                   |  1- 3 |  4- 6 |  7- 9 || total
-------------------------+-------+-------+-------++-------
Melee: Spear             |    88 |    35 |       ||   123
       Headbutt          |    12 |    14 |    28 ||    54
       Trident           |       |    81 |    44 ||   125
       Broad axe         |       |       |   116 ||   116
Throw: Stone             |       |       |     5 ||     5
Invok: Berserk           |       |     4 |     4 ||     8
  Use: Scroll            |       |     3 |     6 ||     9
       Potion            |       |       |     1 ||     1
 Stab: Sleeping          |     2 |       |       ||     2
Armor: Animal skin       |     8 |       |       ||     8
       Leather armour    |       |     4 |       ||     4
       Chain mail        |       |    33 |    80 ||   113
Dodge: Dodged            |    55 |    49 |    50 ||   154
Block: Kite shield       |       |       |    45 ||    45

Table legend: (Time is in decaauts)
 A = Elapsed time spent in this place.
 B = Non-inter-level travel time spent in this place.
 C = Inter-level travel time spent in this place.
 D = Time resting spent in this place.
 E = Time spent auto-exploring this place.
 F = Levels seen in this place.
 G = Mean time per level.
                   A        B        C        D        E       F      G
               +--------+--------+--------+--------+--------+-----+--------+
         Total |   6012 |   5874 |    138 |   1698 |   2733 |   8 |  751.5 |
       Dungeon |   6012 |   5874 |    138 |   1698 |   2733 |   8 |  751.5 |
               +--------+--------+--------+--------+--------+-----+--------+

Top non-repeatable levels by time:
     D:6: 1245 daAuts
     D:1: 841 daAuts
     D:7: 810 daAuts
     D:2: 805 daAuts
     D:5: 790 daAuts
     D:3: 725 daAuts
     D:4: 660 daAuts
     D:8: 133 daAuts
